 Dungeon Crawl Stone Soup version 0.27.1-34-g3ba077fa99 (webtiles) character file.

Game seed: 16331479387204379817

48 sankara the Ruffian (level 3, -2/28 HPs)
             Began as a Minotaur Transmuter on Jan 22, 2022.
             Killed by divine providence
             ... invoked by an orc priest
              (12 damage)
             ... on level 3 of the Dungeon.
             The game lasted 00:01:54 (2007 turns).

sankara the Ruffian (Minotaur Transmuter)           Turns: 2007, Time: 00:01:55

Health: -2/28      AC:  2    Str: 14    XL:     3   Next: 50%
Magic:  4/4        EV: 12    Int: 10    God:
Gold:   93         SH:  0    Dex: 11    Spells: 4/5 levels left

rFire    . . .     SeeInvis .     - Unarmed
rCold    . . .     Faith    .   (no shield)
rNeg     . . .     Spirit   .   a - +0 robe
rPois    .         Reflect  .   (helmet restricted)
rElec    .         Harm     .   (no cloak)
rCorr    .         Rampage  .   (no gloves)
Will     .....                  (no boots)
Stlth    +.........             (no amulet)
HPRegen  0.09/turn              (no ring)
MPRegen  0.09/turn              (no ring)

@: no status effects
A: horns 2, retaliatory headbutt
a: no special abilities


You were on level 3 of the Dungeon.
You visited 1 branch of the dungeon, and saw 3 of its levels.

You collected 93 gold pieces.

Inventory:

Missiles
 e - 35 stones
 h - 16 sling bullets
Armour
 a - a +0 robe (worn)
Scrolls
 c - a scroll of fear {unknown}
 g - 4 scrolls of amnesia {unknown}
 j - a scroll of teleportation {unknown}
Potions
 b - a potion of flight {unknown}
 d - a potion of brilliance {unknown}
 f - a potion of cancellation {unknown}
 i - a potion of curing {unknown}


   Skills:
 - Level 1.2 Fighting
 - Level 2.1 Dodging
 + Level 4.2 Unarmed Combat
 - Level 1.5 Spellcasting
 + Level 2.5 Transmutations


You had 4 spell levels left.
You knew the following spells:

 Your Spells              Type           Power      Damage    Failure   Level
a - Beastly Appendage     Tmut           10%        N/A       12%         1

Your spell library contained the following spells:

 Spells                   Type           Power      Damage    Failure   Level
 Wereblood                Tmut           5%         N/A       19%         2
 Spider Form              Tmut/Pois      1%         N/A       52%         3
 Ice Form                 Ice/Tmut       3%         N/A       89%         4


Dungeon Overview and Level Annotations

Branches:
Dungeon (3/15)

Altars:
Trog


Innate Abilities, Weirdness & Mutations

You have a pair of horns on your head.
You reflexively headbutt those who attack you in melee.


Message History

No target in view!
No target in view!
No target in view!
No target in view!
No target in view!
No target in view!
No target in view!
No target in view!
No target in view!
No target in view!
No target in view!
No target in view!
No target in view!
An orc comes into view. It is wielding a +0 hand axe.
Casting: Beastly Appendage (safe; 12% risk of failure)
Confirm with . or Enter, or press ? or * to list all spells.
You extend your transformation's duration.
The orc shouts!
An orc comes into view. It is wielding a +1 vampiric whip.
The orc shouts!
An orc priest comes into view. It is wielding a +0 war axe.
An orc comes into view. It is wielding a +0 short sword.
The orc priest shouts!
An orc comes into view. It is wielding a +0 flail.
A kobold comes into view. It is wielding a +0 club.
Your transformation is almost over.
The orc shouts!
The orc hits you with a +0 hand axe.
The orc hits you with a +1 vampiric whip.
The orc throws a boomerang.
The boomerang hits you. The orc barely misses you.
Your talons disappear.
The orc throws a boomerang.
The boomerang barely misses you.
The kobold throws a stone.
The stone barely misses you.
The orc priest mumbles some strange prayers to Beogh against you.
You barely resist.
You see here an adder corpse.
The orc priest calls down the wrath of Beogh upon you.
Beogh smites you!
You die...

#..........
#........#
#........#
#..<.....#
#........#
####..#####
#....)## #......#
##....@##
###..†.#####
#...o.....#
#.....o...#
#...o.....#
#....o....#
#.........#####...
#.....oK........#
#..........######


You could see an orc priest, 4 orcs and a kobold.

Vanquished Creatures
  2 adders (D:3)
  2 dart slugs
  An orc (D:3)
  A bat (D:1)
  3 endoplasms
  A giant cockroach (D:2)
  A goblin (D:2)
  2 hobgoblins
  3 quokkas
  3 ball pythons
  A frilled lizard (D:1)
  3 kobolds
  3 rats (D:2)
26 creatures vanquished.

Notes
Turn   | Place    | Note
-------+----------+-------------------------------------------
     0 | D:1      | sankara the Minotaur Transmuter began the quest for the
                  | Orb.
     0 | D:1      | Reached XP level 1. HP: 16/16 MP: 1/1
   685 | D:1      | Reached XP level 2. HP: 23/23 MP: 1/3
  1681 | D:2      | Found a faded altar of an unknown god.
  1870 | D:3      | Found a bloodstained altar of Trog.
  1881 | D:3      | Reached skill level 4 in Unarmed Combat
  1881 | D:3      | Reached XP level 3. HP: 20/28 MP: 2/4
  2007 | D:3      | Killed from afar by an orc priest

Illustrated notes

Levels and vault maps discovered:
D:1:      roderic_octagonal_star, layout_basic
D:2:      layout_loops_ring, shapermc_ecumenical_altar_venn
D:3:      layout_rooms, mainiacjoe_overflow_catwalk,
          mainiacjoe_overflow_concentric_impassable

Skill      XL: |  1  2 |
---------------+-------+-----
Transmutations | 2 |  2.5
Unarmed Combat | 4 |  4.2
Fighting       | |  1.2
Dodging        | |  2.1
Spellcasting   | |  1.5

Action                   || total
-------------------------++-------
Melee: Unarmed           ||    62
       Kick              ||    11
       Headbutt          ||     3
 Cast: Beastly Appendage ||    17
 Stab: Sleeping          ||     1
Armor: Robe              ||     2
Dodge: Dodged            ||    43
